Map: 2000 Atmospheres LE

Players

Denver - Winner!

  • Race: Zerg Zerg

PtitDrogo

  • Race: Protoss Protoss

Event: DreamHack SC2 Masters 2021 Winter

VOD

Have the link to the VOD?

Description

Time

  • Played on: Sept. 29, 2021, 1:26 p.m.
  • Length: 25:10

All games in this series

Show
View Real Time Build Order
Export as new Build Order

Denver Zerg - Winner!

Build Orders: Hatch First, Lurkers, Roach Hydra 

Get SALT Encoding   

  12  0:00  Drone  
  13  0:12  Overlord  
  13  0:17  Drone  
  14  0:30  Drone x2  
  16  0:48  Hatchery  
  15  0:51  Drone  
  15  0:55  Drone  
  17  0:59  Drone  
  18  1:09  Extractor  
  17  1:17  Spawning Pool  
  17  1:18  Drone  
  17  1:22  Drone  
  18  1:28  Drone  
  19  1:39  Drone  
  20  1:49  Overlord  
  20  2:03  Queen x2  
  20  2:04  Zergling x4  
  26  2:12  Metabolic Boost  
  26  2:14  Drone  
  27  2:16  Drone  
  27  2:22  Drone x2  
  30  2:38  Hatchery  
  30  2:42  Drone x2  
  31  2:49  Queen  
  33  2:53  Overlord  
  33  2:56  Drone  
  33  2:58  Drone  
  35  3:03  Zergling x2  
  36  3:13  Zergling x4  
  36  3:14  Drone x2  
  36  3:15  Drone, Overlord  
  36  3:17  Drone  
  42  3:24  Drone x2  
  42  3:31  Spore Crawler  
  42  3:32  Overlord  
  43  3:34  Drone x2  
  43  3:40  Queen  
  45  3:43  Drone x3  
  45  3:45  Drone  
  48  3:51  Queen  
  48  3:54  Drone  
  48  3:55  Drone  
  51  3:59  Drone x3  
  54  4:05  Zergling x6  
  54  4:06  Zergling x2  
  54  4:09  Spore Crawler  
  57  4:14  Queen  
  58  4:18  Drone x3  
  58  4:21  Overlord  
  61  4:27  Drone x4  
  61  4:29  Drone  
  66  4:34  Spore Crawler  
  63  4:41  Drone  
  63  4:42  Drone x4  
  65  4:47  Overlord  
  65  4:50  Drone, Overlord  
  65  4:51  Extractor  
  65  4:56  Drone  
  64  5:02  Drone x3  
  64  5:03  Roach Warren  
  64  5:09  Zergling x8  
  64  5:11  Drone x2  
  70  5:14  Drone x2  
  70  5:15  Drone  
  70  5:17  Extractor  
  70  5:18  Extractor  
  70  5:19  Lair  
  71  5:21  Evolution Chamber  
  71  5:25  Drone x5  
  71  5:28  Overlord  
  75  5:33  Drone x4  
  79  5:39  Drone x2  
  79  5:40  Overlord  
  81  5:44  Overlord  
  81  5:47  Zerg Missile Weapons Level 1  
  81  5:49  Extractor  
  80  5:50  Drone x4  
  80  5:51  Overlord, Extractor  
  82  6:01  Drone x2  
  84  6:13  Drone x11  
  84  6:16  Hatchery  
  95  6:18  Drone  
  95  6:19  Infestation Pit, Glial Reconstitution  
  95  6:22  Overseer  
  95  6:24  Roach x3  
  100  6:28  Overlord  
  100  6:32  Overlord  
  100  6:36  Roach x4  
  108  6:41  Roach x3  
  108  6:43  Overlord  
  108  6:44  Overlord  
  113  6:52  Roach x5  
  123  6:57  Drone x4  
  127  7:04  Hive  
  127  7:06  Hydralisk Den  
  127  7:08  Overlord  
  126  7:10  Zergling x6  
  126  7:11  Zergling x6  
  132  7:15  Spore Crawler  
  132  7:17  Overlord  
  130  7:24  Roach x4  
  130  7:26  Ravager, Overlord x2, Extractor  
  130  7:28  Ravager x3  
  130  7:29  Ravager, Extractor  
  140  7:32  Spore Crawler  
  140  7:33  Zergling x8  
  142  7:40  Zergling x12  
  148  7:45  Lurker Den  
  148  7:47  Drone x5  
  148  7:49  Grooved Spines  
  152  7:52  Evolution Chamber  
  151  8:01  Hydralisk x6  
  160  8:08  Overlord  
  160  8:11  Drone x7  
  167  8:14  Overlord  
  167  8:20  Zerg Missile Weapons Level 2  
  167  8:21  Zerg Ground Armor Level 1, Viper  
  167  8:25  Viper  
  170  8:35  Viper  
  170  8:39  Overlord  
  170  8:40  Zergling x26  
  186  8:42  Zergling x2  
  186  8:47  Seismic Spines  
  186  8:57  Lurker x2  
  188  9:07  Muscular Augments  
  188  9:12  Hatchery  
  179  9:18  Hydralisk x7  
  192  9:29  Lurker x2  
  194  9:44  Adaptive Talons  
  193  9:56  Hydralisk, Hatchery  
  193  9:57  Hydralisk x5  
  199  10:05  Lurker x5  
  197  10:26  Overlord  
  183  10:36  Hydralisk x10  
  186  10:48  Hydralisk  
  186  10:49  Hydralisk x9  
  182  10:55  Hydralisk x2, Zergling x32  
  184  10:57  Queen  
  184  11:03  Hydralisk x4  
  186  11:04  Zergling x4  
  186  11:05  Queen x2  
  186  11:06  Hydralisk, Extractor  
  186  11:07  Hydralisk  
  186  11:08  Zergling x6  
  186  11:09  Extractor  
  171  11:22  Hydralisk x6  
  171  11:23  Zergling x6  
  171  11:25  Queen  
  172  11:32  Hydralisk x2  
  164  11:33  Hydralisk x3, Zergling x2  
  164  11:34  Zergling x2  
  157  11:51  Hydralisk x4  
  157  11:52  Hydralisk x5  
  161  11:58  Hydralisk  
  161  11:59  Hydralisk  
  144  12:03  Lurker  
  144  12:04  Hydralisk, Lurker  
  144  12:05  Zergling x8  
  139  12:13  Queen  
  139  12:14  Hydralisk x3  
  142  12:20  Hydralisk x2  
  135  12:26  Hydralisk x2  
  135  12:36  Viper x2  
  140  12:44  Lurker  
  140  12:46  Hydralisk x2  
  145  12:54  Hydralisk x4  
  151  13:05  Lurker x2  
  153  13:06  Drone  
  154  13:15  Drone x11  
  154  13:19  Lurker x3  
  167  13:24  Hatchery  
  167  13:25  Viper  
  169  13:29  Queen  
  171  13:40  Hydralisk x6  
  171  13:41  Hydralisk  
  184  13:50  Lurker x2  
  185  13:58  Overseer x2  
  184  14:07  Zerg Ground Armor Level 2  
  184  14:10  Queen  
  184  14:13  Extractor  
  184  14:14  Extractor  
  176  14:31  Hydralisk x11  
  169  14:32  Zergling x4  
  169  14:37  Zergling x2  
  174  14:38  Queen  
  174  14:44  Hydralisk x5  
  171  14:49  Queen  
  171  14:50  Queen  
  175  14:53  Zergling x2  
  175  14:54  Zergling x8  
  174  15:03  Hydralisk x2  
  176  15:11  Hatchery  
  175  15:15  Viper  
  174  15:25  Hydralisk x3  
  175  15:37  Hydralisk x3  
  172  15:51  Hydralisk x4  
  178  16:02  Lurker, Queen  
  181  16:27  Hydralisk x7  
  181  16:28  Hydralisk  
  193  16:43  Queen  
  193  16:44  Extractor  
  194  16:55  Lurker x3  
  194  16:56  Overlord  
  197  17:06  Hydralisk x4  
  166  17:23  Hydralisk x8  
  161  17:33  Lurker  
  144  18:18  Lurker x2  
  144  18:19  Lurker  
  114  19:54  Drone x3  
  71  22:01  Hydralisk x3  
Show
View Real Time Build Order
Export as new Build Order

PtitDrogo Protoss 

Build Orders: 1 Gate Expand, Oracle Opening, Carriers 

Get SALT Encoding   

  12  0:00  Probe  
  13  0:12  Probe  
  14  0:18  Pylon  
  14  0:24  Probe  
  15  0:36  Probe (Chrono Boost)  
  15  0:40  Gateway  
  16  0:45  Probe (Chrono Boost)  
  17  0:50  Assimilator  
  17  0:51  Probe  
  18  1:03  Probe  
  19  1:15  Probe  
  20  1:26  Nexus  
  20  1:38  Cybernetics Core  
  20  1:40  Probe  
  20  1:45  Assimilator  
  21  1:52  Probe  
  22  1:55  Pylon  
  22  2:04  Probe  
  23  2:12  Adept (Chrono Boost)  
  25  2:17  Probe  
  25  2:20  Stargate  
  26  2:27  Warp Gate  
  27  2:30  Probe (Chrono Boost)  
  27  2:32  Adept (Chrono Boost)  
  29  2:39  Probe (Chrono Boost)  
  31  2:47  Probe (Chrono Boost)  
  31  2:48  Probe (Chrono Boost)  
  32  2:53  Probe x2 (Chrono Boost)  
  32  2:54  Adept  
  36  3:02  Oracle (Chrono Boost)  
  36  3:05  Probe x2  
  41  3:09  Pylon  
  41  3:17  Probe  
  42  3:28  Probe  
  42  3:29  Gateway  
  42  3:32  Oracle (Chrono Boost)  
  46  3:35  Probe  
  46  3:40  Probe  
  48  3:42  Pylon  
  48  3:48  Probe  
  49  3:52  Probe  
  50  3:55  Nexus  
  50  4:00  Probe  
  50  4:01  Oracle  
  51  4:04  Probe  
  55  4:12  Probe (Chrono Boost), Pylon  
  55  4:14  Stalker  
  59  4:18  Assimilator  
  59  4:21  Assimilator  
  59  4:22  Probe (Chrono Boost)  
  60  4:25  Probe (Chrono Boost)  
  60  4:30  Probe x2 (Chrono Boost)  
  62  4:40  Probe (Chrono Boost)  
  62  4:42  Probe (Chrono Boost)  
  64  4:48  Twilight Council, Forge  
  64  4:52  Gateway x2, Probe (Chrono Boost)  
  65  4:56  Adept  
  65  4:59  Probe (Chrono Boost)  
  66  5:01  Probe (Chrono Boost)  
  66  5:06  Probe x2  
  68  5:08  Probe  
  68  5:11  Sentry  
  68  5:13  Gateway  
  72  5:15  Gateway  
  72  5:18  Sentry  
  72  5:19  Shield Battery  
  72  5:20  Probe x3 (Chrono Boost)  
  80  5:29  Blink (Chrono Boost)  
  80  5:34  Probe (Chrono Boost)  
  80  5:35  Probe (Chrono Boost)  
  80  5:36  Probe (Chrono Boost)  
  80  5:38  Protoss Ground Weapons Level 1 (Chrono Boost)  
  80  5:40  Probe (Chrono Boost)  
  81  5:42  Probe  
  81  5:43  Probe  
  81  5:44  Pylon  
  81  5:47  Pylon  
  83  5:50  Robotics Facility  
  83  5:51  Probe  
  83  5:52  Assimilator  
  83  5:57  Assimilator, Sentry  
  83  6:02  Probe x2  
  87  6:06  Gateway  
  87  6:07  Sentry  
  87  6:08  Stalker, Gateway  
  87  6:10  Gateway  
  91  6:15  Probe x2  
  93  6:22  Stalker x4  
  93  6:24  Pylon  
  101  6:27  Pylon  
  101  6:39  Pylon  
  101  6:43  Observer (Chrono Boost)  
  101  6:45  Nexus  
  102  6:51  Robotics Bay  
  102  6:53  Robotics Facility  
  102  6:55  Warp Prism  
  104  7:01  Stalker x4  
  104  7:07  Photon Cannon  
  110  7:10  Photon Cannon  
  110  7:21  Zealot x2  
  114  7:25  Photon Cannon  
  114  7:26  Charge (Chrono Boost)  
  114  7:37  Disruptor x2 (Chrono Boost)  
  118  7:47  Pylon x2  
  118  7:49  Stalker x3, Pylon  
  118  7:50  Pylon  
  124  7:56  Shield Battery  
  124  8:00  Pylon  
  119  8:10  Probe  
  119  8:12  Probe x2  
  122  8:13  Probe, Disruptor x2 (Chrono Boost)  
  122  8:14  Stalker x4  
  122  8:15  Stalker x2  
  141  8:22  Probe  
  141  8:24  Probe  
  143  8:35  Probe  
  143  8:37  Templar Archives  
  143  8:38  Fleet Beacon  
  143  8:41  Probe, Stargate  
  144  8:46  Protoss Ground Weapons Level 2 (Chrono Boost)  
  144  8:47  Zealot  
  145  8:57  Pylon  
  145  8:59  Photon Cannon  
  145  9:01  Zealot x6, Assimilator, Pylon  
  145  9:02  Assimilator  
  151  9:24  Carrier x2 (Chrono Boost)  
  155  9:34  Photon Cannon  
  155  9:35  Shield Battery  
  153  9:39  Photon Cannon  
  153  9:43  Shield Battery  
  153  9:44  Stalker x4, Zealot x2  
  153  9:45  Zealot x2  
  165  9:57  Zealot  
  159  10:00  Immortal x2  
  163  10:08  Zealot x2  
  167  10:14  Carrier (Chrono Boost)  
  167  10:16  Carrier (Chrono Boost)  
  179  10:26  Protoss Air Weapons Level 1 (Chrono Boost)  
  177  10:32  Zealot x3  
  177  10:33  Zealot x2  
  177  10:34  Zealot  
  181  10:40  Observer x2  
  167  10:49  Probe  
  149  10:56  Stalker x8  
  155  11:01  Observer x2 (Chrono Boost)  
  151  11:15  Carrier (Chrono Boost)  
  153  11:24  Zealot x6  
  153  11:25  Zealot x2  
  164  11:27  Immortal  
  168  11:38  Immortal  
  152  11:48  Zealot x6  
  148  11:59  Zealot x2  
  146  12:07  Carrier (Chrono Boost)  
  138  12:10  High Templar x6  
  144  12:19  Archon x3  
  144  12:22  Zealot x2  
  140  12:33  Carrier (Chrono Boost)  
  126  12:43  Zealot x3  
  138  12:48  Protoss Air Weapons Level 2 (Chrono Boost), Carrier (Chrono Boost)  
  138  12:50  Immortal (Chrono Boost)  
  138  12:53  Immortal (Chrono Boost)  
  152  13:00  Sentry  
  154  13:19  Nexus  
  150  13:20  Zealot x3, Pylon  
  150  13:22  Psionic Storm  
  150  13:24  High Templar x4  
  164  13:42  Carrier (Chrono Boost)  
  176  13:51  Carrier (Chrono Boost)  
  174  14:01  Photon Cannon  
  171  14:06  Zealot x5  
  169  14:26  Zealot x8  
  181  14:34  Archon  
  151  14:40  Probe  
  133  14:47  High Templar x8  
  133  14:51  Archon x4  
  142  14:58  Carrier (Chrono Boost)  
  134  15:08  Carrier (Chrono Boost)  
  136  15:23  Zealot x3  
  136  15:27  High Templar x3  
  148  15:37  Archon  
  148  15:39  High Templar  
  144  15:42  Nexus  
  144  15:43  Zealot x4  
  144  15:45  Pylon  
  152  15:52  Carrier (Chrono Boost)  
  146  16:00  Zealot x3  
  146  16:03  Archon, High Templar  
  146  16:04  High Templar  
  156  16:05  Zealot x2  
  160  16:12  Zealot  
  162  16:22  Zealot x3  
  162  16:25  High Templar x2  
  170  16:36  Photon Cannon  
  170  16:39  Carrier (Chrono Boost)  
  170  16:51  Zealot x5  
  180  17:06  High Templar x2  
  174  17:17  Carrier (Chrono Boost)  
  174  17:23  Archon  
  174  17:24  Archon  
  151  17:42  Carrier (Chrono Boost)  
  154  17:54  Assimilator, Probe  
  154  17:55  Assimilator  
  151  18:01  High Templar  
  141  18:22  Zealot x4  
  145  18:27  Nexus  
  145  18:28  Pylon  
  143  18:37  High Templar x3  
  136  18:49  Observer  
  136  18:53  Photon Cannon  
  136  18:56  Photon Cannon  
  136  18:57  Shield Battery  
  110  19:18  High Templar x2  
  104  19:26  Observer  
  97  19:53  Zealot  
  95  20:03  High Templar  
  97  20:10  High Templar  
  97  20:41  High Templar  
  97  20:54  High Templar  
  99  21:03  Archon x2  
  51  21:21  Zealot x3  
  47  21:33  Zealot  
  49  21:51  High Templar  
  51  22:11  Probe (Chrono Boost)  
  52  22:20  Probe (Chrono Boost)  
  51  22:28  Probe (Chrono Boost)  
  45  22:34  High Templar  
  47  22:37  Probe (Chrono Boost)  
  47  22:42  Probe (Chrono Boost)  
  39  22:54  Probe  

Tags
 
Add a new tag
Caveats
  • Supply blocks, unpowered buildings, or Contaminate may cause inaccurate times.
  • Supply counts are checked every 10 seconds.